 Dungeon Crawl Stone Soup version 0.21-a0-352-g5b8f553 (webtiles) character file.

191 namelastname112 the Sneak (level 5, 0/27 HPs)
             Began as a Vine Stalker Assassin on Oct 11, 2017.
             Slain by a wyvern skeleton (12 damage)
             ... on level 4 of the Dungeon.
             The game lasted 00:03:44 (2476 turns).

namelastname112 the Sneak (Vine Stalker Assassin)   Turns: 2476, Time: 00:03:45

Health: 0/27       AC:  8    Str: 13    XL:     5   Next: 70%
Magic:  0/6        EV: 12    Int: 11    God:
Gold:   108        SH:  0    Dex: 17    Spells: 4/4 levels left

rFire    . . .     SeeInvis .   n - +1 dagger (venom)
rCold    . . .     Gourm    .   (no shield)
rNeg     . . .     Faith    .   i - +2 leather armour {MR+}
rPois    +         Spirit   +   y - +2 hat
rElec    .         Reflect  .   d - +0 cloak
rCorr    .         Harm     .   (no gloves)
MR       +....                  (no boots)
Stlth    +++.......             (no amulet)
HPRegen  0.49/turn              r - ring of poison resistance
MPRegen  0.10/turn              (no ring)

@: no status effects
A: fangs 2, regeneration 1, magic shield, antimagic bite, no potion heal 3, rot
immunity
a: no special abilities


You were on level 4 of the Dungeon.
You were hungry.

You visited 1 branch of the dungeon, and saw 4 of its levels.

You collected 108 gold pieces.

Inventory:

Hand Weapons
 b - a +0 blowgun
 n - a +1 dagger of venom (weapon)
Missiles
 e - 8 poisoned needles
 f - 2 curare-tipped needles
 u - 2 throwing nets (quivered)
Armour
 d - a +0 cloak (worn)
 i - a +2 leather armour of magic resistance (worn)
 y - a +2 hat (worn)
Jewellery
 r - a ring of poison resistance (left hand)
Scrolls
 h - 2 scrolls of magic mapping {unknown}
 j - 4 scrolls of identify {unknown}
 k - 2 scrolls of remove curse {unknown}
 o - a scroll of noise {unknown}
 p - a scroll of enchant armour {unknown}
 q - a scroll of teleportation {unknown}
 v - a scroll of enchant weapon {unknown}
 w - 3 scrolls of fog {unknown}
Potions
 c - 3 potions of flight {unknown}
 l - 2 potions of haste {unknown}
 m - 2 potions of agility {unknown}
 s - 2 potions of brilliance {unknown}
 t - 2 potions of curing {unknown}
 x - 2 potions of lignification {unknown}
Comestibles
 g - 4 bread rations


   Skills:
 + Level 2.7 Fighting
 + Level 2.7 Short Blades
 - Level 1.7 Throwing
 + Level 1.7 Armour
 + Level 2.0 Dodging
 + Level 5.7 Stealth


You had 4 spell levels left.
You didn't know any spells.

Dungeon Overview and Level Annotations

Branches:
Dungeon (4/15)
 Temple: D:4-7

Altars:
Yredelemnul


Innate Abilities, Weirdness & Mutations

You have extremely sharp teeth.
Your natural rate of healing is unusually fast.
When hurt, damage is shared between your health and your magic reserves.
Your bite disrupts and absorbs the magic of your enemies.
Potions cannot restore your health.
You are immune to rotting.


Message History

You hit the wyvern skeleton. You bite the wyvern skeleton. You drain its power.
The wyvern skeleton is moderately damaged.
The wyvern skeleton closely misses you.
You hit the wyvern skeleton.
The wyvern skeleton is moderately damaged.
The wyvern skeleton bites you.
You take 4 damage, and have 23/27 hp.
You now have 5/6 mp.
You hit the wyvern skeleton. Your bite misses the wyvern skeleton.
The wyvern skeleton is heavily damaged.
The wyvern skeleton bites you!
The wyvern skeleton bites you but does no damage.
You take 11 damage, and have 12/27 hp.
MASSIVE DAMAGE!!
You now have 3/6 mp.
The wyvern skeleton bites you.
You take 2 damage, and have 12/27 hp.
You now have 2/6 mp.
The wyvern skeleton bites you but does no damage.
The wyvern skeleton bites you.
You take 4 damage, and have 11/27 hp.
You now have 2/6 mp.
There is a stone staircase leading up here.
The wyvern skeleton bites you!
You die...

##.[.......## F#.
##........#.# ...#
#...........# #.#.#
#...........# #.#.##
#...........#####.#.#.
#..............##.#...
#..........###.##...#
##...Z....## #>.....#
#....@.....# #......#
#..........# ##.....##
#..........###........
#..........##.........
#.....................
##......#####......)..
##.....# ............
#####.# ###.###.....
#. #.# #.....


You could see a wyvern skeleton.

Vanquished Creatures
  Jessica (D:2)
  Robin (D:2)
  4 adders
  3 gnolls (D:3)
  An ooze (D:3)
  2 dart slugs (D:1)
  2 worms (D:3)
  2 leopard geckos
  An orc (D:4)
  A giant cockroach (D:1)
  12 goblins
  12 hobgoblins
  6 jackals
  3 quokkas
  3 ball pythons
  4 bats
  6 frilled lizards
  4 kobolds
  6 rats
74 creatures vanquished.

Notes
Turn   | Place    | Note
-------+----------+-------------------------------------------
     0 | D:1      | namelastname112 the Vine Stalker Assassin began the quest for the Orb.
     0 | D:1      | Reached XP level 1. HP: 11/11 MP: 2/2
    65 | D:1      | Reached skill level 1 in Dodging
    65 | D:1      | Reached XP level 2. HP: 9/15 MP: 3/3
   216 | D:1      | Reached skill level 5 in Stealth
   509 | D:1      | Reached XP level 3. HP: 16/18 MP: 4/4
   736 | D:2      | Reached skill level 1 in Armour
   898 | D:2      | Noticed Robin
   925 | D:2      | Killed Robin
   925 | D:2      | Gained mutation: Your natural rate of healing is unusually fast. [Vine Stalker growth]
   925 | D:2      | Reached XP level 4. HP: 12/23 MP: 5/5
  1012 | D:2      | Noticed Jessica
  1017 | D:2      | Killed Jessica
  1258 | D:2      | Reached XP level 5. HP: 27/27 MP: 6/6
  2384 | D:4      | Found a basalt altar of Yredelemnul.
  2476 | D:4      | Slain by a wyvern skeleton

Vault maps used:
D:1:      lightli_arrival_noodles, st_stairs_2
D:2:      uniq_robin, uniq_jessica
D:3:      serial_bayou_crossing
D:4:      nicolae_overflow_crystal_walls, grunt_dithmenos_smoke_and_mirrors,
          temple_statues

Skill      XL: |  1  2  3  4  5 |
---------------+----------------+-----
Dodging        | 1 2 |  2.0
Stealth        | 5 |  5.7
Fighting       | 2 |  2.7
Short Blades   | 2 |  2.7
Armour         | 1 |  1.7
Throwing       | |  1.7

Action                   |  1- 3 |  4- 6 || total
-------------------------+-------+-------++-------
Melee: Dagger            |    78 |    95 ||   173
       Bite              |    24 |    25 ||    49
 Stab: Sleeping          |     8 |    15 ||    23
  Eat: Chunk             |       |     4 ||     4
Armor: Robe              |    10 |       ||    10
       Leather armour    |     1 |    24 ||    25
Dodge: Dodged            |    30 |    40 ||    70

Table legend:
 A = Spawn XP
 B = Non-spawn XP
 C = Spawn XP percentage of total XP
 D = Spawn monster count
 E = Non-spawn monster count
 F = Spawn count percentage of total count
 G = Total turns spent on level
                    A         B        C        D         E        F      G
               +---------+---------+-------+---------+---------+-------+---------
         Total |       0 |     273 |   0.0 |       0 |      74 |   0.0 |  2476
               +---------+---------+-------+---------+---------+-------+---------
           D:1 |       0 |      38 |   0.0 |       0 |      19 |   0.0 |   705
           D:2 |       0 |     130 |   0.0 |       0 |      28 |   0.0 |   713
           D:3 |       0 |     102 |   0.0 |       0 |      26 |   0.0 |   951
           D:4 |       0 |       3 |   0.0 |       0 |       1 |   0.0 |   107
               +---------+---------+-------+---------+---------+-------+---------
